 Dungeon Crawl Stone Soup version 0.17-a0-2122-g03d97ec (webtiles) character file.

161 Arkorax the Chiller (level 5, 0/42 HPs)
             Began as a Naga Ice Elementalist on Oct 21, 2015.
             Slain by Grinder (4 damage)
             ... on level 3 of the Dungeon.
             The game lasted 00:20:46 (3286 turns).

Arkorax the Chiller (Naga Ice Elementalist)         Turns: 3286, Time: 00:20:46

Health: 0/42       AC:  2    Str: 11    XL:     5   Next: 42%
Magic:  1/8        EV: 10    Int: 16    God:
Gold:   126        SH:  0    Dex: 11    Spells: 2 memorised, 3 levels left

rFire  . . .     SeeInvis +     u - +0 spear
rCold  . . .     Clarity  .     a - +0 robe
rNeg   . . .     SustAt   .     (no shield)
rPois  +         Gourm    .     (no helmet)
rElec  .         Spirit   .     (no cloak)
rCorr  .         Warding  .     (no gloves)
rMut   .         Stasis   .     (no barding)
MR     .....                    (no amulet)
Stlth  ++........               (no ring)
                                (no ring)

@: very slightly contaminated, very slow, not resistant to hostile enchantments,
unstealthy
A: see invisible, deformed body, poison resistance, slowness 2, slow metabolism
1, spit poison 2, AC +1
a: Spit Poison


You were on level 3 of the Dungeon.
You were not hungry.

You visited 1 branch of the dungeon, and saw 4 of its levels.

You collected 126 gold pieces.

Inventory:

Hand Weapons
 d - a +0 dagger
 u - a +0 spear (weapon)
Armour
 a - a +0 robe (worn)
Jewellery
 i - a cursed ring of fire {unknown}
Scrolls
 e - a scroll of teleportation {unknown}
 g - a scroll of blinking {unknown}
 h - 3 scrolls of identify {unknown}
 m - a scroll of fog {unknown}
 n - a scroll of immolation {unknown}
 r - a scroll of random uselessness {unknown}
 t - a scroll of amnesia {unknown}
 v - a scroll of remove curse {unknown}
Potions
 f - a potion of heal wounds {unknown}
 j - 3 potions of brilliance {unknown}
 k - a potion of resistance {unknown}
 o - a potion of mutation {unknown}
 p - a potion of might {unknown}
 q - 3 potions of degeneration {unknown}
 s - a potion of berserk rage {unknown}
Books
 b - a book of Frost

   Spells                             Type                      Level
   a - Freeze                         Ice                          1
   b - Throw Frost                    Conjuration/Ice              2
   c - Ozocubu's Armour               Charms/Ice                   3
   d - Throw Icicle                   Conjuration/Ice              4
   e - Summon Ice Beast               Ice/Summoning                4
   f - Condensation Shield            Ice                          4
Comestibles
 l - 2 meat rations


   Skills:
 - Level 1.5 Dodging
 - Level 3.0 Stealth
 - Level 2.0 Spellcasting
   Level 1.0 Conjurations
 * Level 0.8 Summonings
 + Level 5.8 Ice Magic


You had 3 spell levels left.
You knew the following spells:

 Your Spells              Type           Power        Failure   Level  Hunger
a - Freeze                Ice            ###.         1%          1    #......
b - Summon Ice Beast      Ice/Summ       ##......     63%         4    #####..


Dungeon Overview and Level Annotations

Branches:
Dungeon (4/15)
 Temple: D:4-7

Altars:
Cheibriados
Elyvilon
Okawaru
Vehumet
Zin

Annotations:
D:3 Grinder


Innate Abilities, Weirdness & Mutations

You cannot wear boots.
Your serpentine skin is tough (AC +1).
You have supernaturally acute eyesight.
Armour fits poorly on your strangely shaped body.
Your system is resistant to poisons.
You cover ground very slowly.
You have a slow metabolism.
You can spit poison.


Message History

You can move again.
Casting: Freeze
Confirm with . or Enter, or press ? or * to list all spells.
The spell is very dangerous to cast!
Continue anyway?
You miscast Summon Ice Beast.
You are very lightly contaminated with residual magic.
Frost covers your body.
Casting: Summon Ice Beast
Confirm with . or Enter, or press ? or * to list all spells.
The spell is very dangerous to cast!
Continue anyway?
You miscast Summon Ice Beast.
Something forms from out of thin air!
Grinder barely misses you.
The blue devil swoops through the air toward you!
The blue devil hits you!!
Ouch! That really hurt!
* * * LOW HITPOINT WARNING * * *
Grinder hits you.
* * * LOW HITPOINT WARNING * * *
You writhe in agony.
You die...

#...#..#...### ### ##........##
#.. ###.....## #(# ###...#
#######(# ##..### ##........ ####
##...## #......#.. ...## ###..###
#.....###. ....# ##4.5##
#......#.. ....#
###@.######........_
...############......<...##...#..
#### #..........######.##....###.
# #..######### #........#.. #
##.### ####........ # #...####
###......... # ###....#
#.....5..... # ####.#
##>#......... # #.# #.5#[l.......


You could see Grinder and a blue devil.

Vanquished Creatures
  Natasha (twice) (D:3)
  3 gnolls
  5 adders (D:2)
  2 worms (D:2)
  An orc (D:3)
  A ball python (D:2)
  4 bats
  10 goblins
  6 hobgoblins
  5 giant cockroaches
  3 giant geckos (D:1)
  5 giant newts
  8 kobolds
  5 rats
60 creatures vanquished.

Vanquished Creatures (collateral kills)
  Natasha (D:3)
1 creature vanquished.

Grand Total: 61 creatures vanquished

Notes
Turn   | Place    | Note
--------------------------------------------------------------
     0 | D:1      | Arkorax the Naga Ice Elementalist began the quest for the Orb.
     0 | D:1      | Reached XP level 1. HP: 15/15 MP: 3/3
   179 | D:1      | Reached XP level 2. HP: 22/22 MP: 0/5
   636 | D:1      | Reached skill level 4 in Ice Magic
   709 | D:1      | Reached XP level 3. HP: 28/28 MP: 6/6
   735 | D:2      | Found a white marble altar of Elyvilon.
   884 | D:2      | Found a snail-covered altar of Cheibriados.
  1244 | D:2      | Reached XP level 4. HP: 28/36 MP: 3/7
  1508 | D:2      | Reached skill level 5 in Ice Magic
  1577 | D:2      | Learned a level 4 spell: Summon Ice Beast
  1916 | D:3      | Found an iron altar of Okawaru.
  2223 | D:3      | Noticed Natasha
  2229 | D:3      | Killed Natasha
  2229 | D:3      | Reached XP level 5. HP: 21/42 MP: 4/8
  2398 | D:3      | Found a radiant altar of Vehumet.
  2571 | D:3      | Noticed Natasha
  2717 | D:2      | Found a glowing silver altar of Zin.
  2739 | D:3      | Killed Natasha
  2745 | D:3      | Noticed Natasha
  2752 | D:3      | Killed Natasha
  2990 | D:3      | Noticed Grinder
  2994 | D:3      | Paralysed by Grinder for 4 turns
  3022 | D:4      | Noticed an ogre
  3274 | D:3      | Paralysed by Grinder for 6 turns
  3281 | D:3      | Noticed a blue devil
  3286 | D:3      | Slain by Grinder

Vault maps used:
D:1:      minmay_arrival_shoal_huts, grunt_decor_clamped
D:2:      minmay_door_path, lemuel_doored_altar, elyvilon_altar_5,
          nicolae_overflow_hidden_temple
D:3:      overflow_temple_1_default, vehumet_crystals, minmay_misc_feat_plants,
          uniq_natasha, uniq_grinder
D:4:      led_sif_pool, kennysheep_mini_moat, uniq_blork_the_orc, uniq_sigmund

Action                   |  1- 3 |  4- 6 || total
-------------------------+-------+-------++-------
Melee: Dagger            |     7 |     2 ||     9
       Spear             |       |    19 ||    19
 Cast: Freeze            |    31 |    22 ||    53
       Summon Ice Beast  |       |     2 ||     2
 Abil: Spit Poison       |    35 |    20 ||    55
 Stab: Sleeping          |     2 |       ||     2
  Eat: Chunk             |     3 |       ||     3
       Bread ration      |       |     2 ||     2
